 Dungeon Crawl Stone Soup version 0.32-a0-32-g978bd804de (webtiles) character file.

Game seed: 12519669908579811958

1064 shadizar the Trooper (level 8, -3/64 HPs)
             Began as a Djinni Conjurer on Jan 20, 2024.
             Was an Initiate of Makhleb.
             Slain by a gnoll
             ... wielding a +0 spear
             ... led by a gnoll bouda
              (5 damage)
             ... on level 5 of the Dungeon.
             The game lasted 00:12:46 (5265 turns).

shadizar the Trooper (Djinni Conjurer)              Turns: 5265, Time: 00:12:47

Health: -3/64      AC:  4    Str: 14    XL:     8   Next: 52%
Gold:   218        EV: 12    Int: 22    God:    Makhleb [......] SH:  0 Dex: 12

rFire   + + .        m - +1 sling (heavy)
rCold   x . .        (no shield)
rNeg    . . .        a - +0 robe
rPois   ∞            n - +0 helmet
rElec   .            d - +0 cloak of the Storm King {rCorr Str+2 Stlth-}
rCorr   +            (no gloves)
SInv    .            (boots unavailable)
Will    .....        (no amulet)
Stlth   +            q - ring of resist corrosion
HPRegen 0.30/turn    y - +6 ring of strength
MPRegen 0.00/turn

%: infuse magic (-4 HP)
@: about to teleport, flying
A: sickness immunity, fire resistance 2, cold vulnerability 1, float, innate
caster, HP casting, extra vitality 1
a: Renounce Religion


You were on level 5 of the Dungeon.
You worshipped Makhleb.
Makhleb was noncommittal.
You visited 1 branch of the dungeon, and saw 5 of its levels.
You also visited: Sewer.

You collected 218 gold pieces.

Inventory:

Hand Weapons
 m - a +1 heavy sling (weapon)
 t - a +2 dagger of speed
Missiles
 A - a throwing net
Armour
 a - a +0 robe (worn)
 d - the +0 cloak of the Storm King (worn) {rCorr Str+2 Stlth-}
   (You found it on level 4 of the Dungeon)

   Str+2:     It affects your strength (+2).
   rCorr:     It protects you from acid and corrosion.
   Stlth-:    It makes you less stealthy.
 n - a +0 helmet (worn)
 o - a +0 animal skin
 r - a scarf of invisibility
Magical Staves
 e - a staff of cold
Jewellery
 q - a ring of resist corrosion (left hand)
 y - a +6 ring of strength (right hand)
Wands
 k - a wand of charming (6)
 v - a wand of polymorph (13)
 w - a wand of flame (8)
Scrolls
 g - a scroll of vulnerability {unknown}
 j - a scroll of poison
 x - a scroll of revelation {unknown}
Potions
 b - 3 potions of resistance
 c - a potion of enlightenment
 f - 3 potions of haste {unknown}
 h - a potion of brilliance {unknown}
 i - 2 potions of magic {unknown}
 l - 2 potions of curing {unknown}
 s - a potion of attraction {unknown}
 z - a potion of mutation {unknown}


   Skills:
 * Level 7.6 Fighting
 - Level 2.1 Dodging
 - Level 1.5 Stealth
 + Level 5.5 Spellcasting
 + Level 5.5 Conjurations
 + Level 5.5 Hexes
 + Level 5.5 Summonings
 + Level 5.5 Necromancy
 + Level 5.5 Translocations
 + Level 5.5 Fire Magic
 + Level 5.5 Ice Magic
 + Level 5.5 Air Magic
 + Level 5.5 Earth Magic
 + Level 5.5 Alchemy


You knew the following spells:

 Your Spells              Type           Power      Damage    Failure   Level
a - Magic Dart            Conj           100%       1d8       1%          1
b - Searing Ray           Conj           60%        2d6       1%          2
c - Fulminant Prism       Conj/Alch      15%        3d11      10%         4
d - Iskenderun's Mystic   Conj/Tloc      30%        2d8       10%         4
e - Sandblast             Erth           60%        2d14      1%          1
f - Jinxbite              Hex            60%        N/A       1%          2
g - Static Discharge      Conj/Air       60%        3-6/arc   1%          2
Your spell library was empty.

Dungeon Overview and Level Annotations

Branches:
Dungeon (5/15)              Sewer (visited)
 Temple: D:4-7

Altars:
Ashenzari
Dithmenos
Makhleb
Yredelemnul


Innate Abilities, Weirdness & Mutations

You are immune to sickness and miasma.
You are immune to poison.
Your flesh is very heat resistant. (rF++)
You are vulnerable to cold. (rC-)
You float through the air rather than walking.
You learn spells naturally, not from books.
Your magical power is your life essence.
You have superior vitality. (+4 MHP)


Message History

The gnoll attacks as it pursues you! The gnoll barely misses you.
The gnoll attacks as it pursues you! The gnoll misses you.
The gnoll bouda barks out a call to the hunt!
The gnolls pick up the pace!
The gnoll bouda calls upon its god to heal the gnoll.
The gnoll's wounds heal themselves!
The gnoll attacks as it pursues you! The gnoll misses you.
The gnoll attacks as it pursues you! The gnoll barely misses you.
The gnoll hits you from afar with a +0 halberd.
* * * LOW HITPOINT WARNING * * *
The gnoll barely misses you. The gnoll attacks as it pursues you!
The gnoll hits you from afar with a +0 spear.
* * * LOW HITPOINT WARNING * * *
The gnoll attacks as it pursues you! The gnoll misses you.
The gnoll attacks as it pursues you!
The gnoll hits you from afar with a +0 spear.
* * * LOW HITPOINT WARNING * * *
The gnoll hits you from afar with a +0 spear.
* * * LOW HITPOINT WARNING * * *
There is an open door here.
You feel much better.
The gnoll hits you from afar with a +0 spear.
* * * LOW HITPOINT WARNING * * *
The gnoll hits you from afar with a +0 halberd!
* * * LOW HITPOINT WARNING * * *
Okay, then.
Okay, then.
Okay, then.
Okay, then.
Casting: Iskenderun's Mystic Blast (dangerous; 10% risk of failure)
Confirm with . or Enter, or press ? or * to list all spells.
Okay, then.
As you read the scroll of teleportation, it crumbles to dust.
You feel strangely unstable.
The gnoll hits you from afar with a +0 spear.
* * * LOW HITPOINT WARNING * * *
The gnoll is no longer moving quickly.
The gnoll attacks as it pursues you!
The gnoll hits you from afar with a +0 spear.
You die...

######################
...........#.........#.....#
...........'.........#.....#
...........#...).....#.....#
...........##.......##....#
.....##....###########....#
.....########........#....#
.....................#....#######
................@.g..'.....+.....
...................g##....##.....
....................##....##.....
...........##.......##...........
##.........###########....##.....
##..<##....##.......#.....##.....
##...##....##.......+......#.....
#.....#.............#......#.....
#.....#.............#......#.....


You could see 2 gnolls.

Vanquished Creatures
  Prince Ribbit (D:5)
  Sigmund (D:2)
  2 kobold brigands (Sewer)
  3 jellies (D:5)
  2 bombardier beetles (D:3)
  A hound (D:4)
  An iguana (D:5)
  Natasha (D:2)
  3 orc wizards
  Robin (D:2)
  4 gnolls (D:5)
  8 adders
  A dart slug (D:2)
  3 ribbon worms
  13 orcs
  8 endoplasms
  10 giant cockroaches
  22 goblins
  9 hobgoblins
  16 kobolds
  4 quokkas
  7 ball pythons
  15 bats
  4 frilled lizards
  8 rats
148 creatures vanquished.

Vanquished Creatures (others)
  A human (D:4)
1 creature vanquished.

Grand Total: 149 creatures vanquished

Notes
Turn   | Place    | Note
-------+----------+-------------------------------------------
     0 | D:1      | shadizar the Djinni Conjurer began the quest for the Orb.
     0 | D:1      | shadizar set off with the following spells memorised: Magic
                  | Dart, Searing Ray, Fulminant Prism, Iskenderun's Mystic
                  | Blast.
     0 | D:1      | Reached XP level 1. HP: 15/15 MP: 0/0
   133 | D:1      | Reached skill level 1 in Fighting
   133 | D:1      | Reached XP level 2. HP: 20/22 MP: 0/0
   252 | D:1      | Found a faded altar of an unknown god.
   345 | D:1      | Reached XP level 3. HP: 26/28 MP: 0/0
   345 | D:1      | Learned a level 1 spell: Sandblast
   495 | D:1      | Reached skill level 2 in Fighting
   977 | D:2      | Reached XP level 4. HP: 24/34 MP: 0/0
  1212 | D:2      | Noticed Robin
  1266 | D:2      | Reached skill level 3 in Fighting
  1687 | D:2      | Noticed Sigmund
  1699 | D:2      | Killed Sigmund
  1700 | D:2      | Reached skill level 4 in Fighting
  1700 | D:2      | Reached XP level 5. HP: 37/42 MP: 0/0
  1700 | D:2      | Learned a level 2 spell: Jinxbite
  1700 | D:2      | Reached XP level 6. HP: 43/48 MP: 0/0
  1781 | D:2      | Killed Robin
  1965 | D:3      | Noticed Natasha
  1972 | D:2      | Killed Natasha
  2168 | D:3      | Found a burning altar of Makhleb.
  2218 | D:3      | Reached skill level 5 in Fighting
  2258 | D:3      | Reached XP level 7. HP: 46/54 MP: 0/0
  2258 | D:3      | Learned a level 2 spell: Static Discharge
  2326 | D:3      | Found a shadowy altar of Dithmenos.
  3134 | D:4      | Found a basalt altar of Yredelemnul.
  3302 | D:4      | Identified the +0 cloak of the Storm King {rCorr Str+2
                  | Stlth-}
  3387 | D:4      | Found a glowing drain.
  3394 | Sewer    | Entered a sewer
  3520 | Sewer    | Reached skill level 6 in Fighting
  3758 | Sewer    | Reached skill level 5 in Spellcasting
  3758 | Sewer    | Reached skill level 5 in Conjurations
  3758 | Sewer    | Reached skill level 5 in Hexes
  3758 | Sewer    | Reached skill level 5 in Summonings
  3758 | Sewer    | Reached skill level 5 in Necromancy
  3758 | Sewer    | Reached skill level 5 in Translocations
  3758 | Sewer    | Reached skill level 5 in Fire Magic
  3758 | Sewer    | Reached skill level 5 in Ice Magic
  3758 | Sewer    | Reached skill level 5 in Air Magic
  3758 | Sewer    | Reached skill level 5 in Earth Magic
  3758 | Sewer    | Reached skill level 5 in Alchemy
  3886 | D:4      | Found a broken altar of Ashenzari.
  3896 | D:4      | Noticed a human
  3900 | D:4      | Killed a human
  4279 | D:3      | Became a worshipper of Makhleb the Destroyer
  4309 | D:5      | Entered Level 5 of the Dungeon
  4360 | D:5      | Reached XP level 8. HP: 62/62 MP: 0/0
  4654 | D:5      | Noticed Prince Ribbit
  4665 | D:5      | Killed Prince Ribbit
  4666 | D:5      | Reached skill level 7 in Fighting
  5226 | D:5      | HP: 3/64 [gnoll/+0 club[a gnoll bouda] (6)]
  5260 | D:5      | HP: 3/64 [gnoll/+0 halberd[a gnoll bouda] (16)]
  5265 | D:5      | Slain by a gnoll

Illustrated notes

Levels and vault maps discovered:
D:1:      tarquinn_simple_flora_water_d, layout_basic, basic_ecumenical_altar,
          serial_forest, infiniplex_forest_straight_2,
          infiniplex_forest_clump_double, infiniplex_forest_lined_corner,
          infiniplex_forest_clump_large, infiniplex_forest_corner_1,
          infiniplex_forest_straight_5, infiniplex_forest_corner_2,
          minmay_hexomino_p4
D:2:      layout_basic, uniq_sigmund, uniq_robin
D:3:      layout_loops_cross, mainiacjoe_overflow_brackets,
          nicolae_overflow_hidden_temple, uniq_natasha
D:4:      layout_cave_pools, yredelemnul_altar_generic, tgw_kikubaaqudgha,
          vehumet_altar_wand_db, mainiacjoe_overflow_surrounded_room,
          gup_sewer_entry_spiral
D:5:      layout_gridville, grunt_decor_arrowhead, uniq_prince_ribbit1

Skill      XL: |  1  2  3  4  5  6  7  8 |
---------------+-------------------------+-----
Fighting       | 1 2 4 5 6 7 |  7.6
Spellcasting   | 4 5 |  5.5
Conjurations   | 4 5 |  5.5
Hexes          | 4 5 |  5.5
Summonings     | 4 5 |  5.5
Necromancy     | 4 5 |  5.5
Translocations | 4 5 |  5.5
Fire Magic     | 4 5 |  5.5
Ice Magic      | 4 5 |  5.5
Air Magic      | 4 5 |  5.5
Earth Magic    | 4 5 |  5.5
Alchemy        | 4 5 |  5.5
Dodging        | |  2.1
Stealth        | |  1.5

Action                     |  1- 3 |  4- 6 |  7- 9 || total
---------------------------+-------+-------+-------++-------
  Melee: Unarmed           |       |       |     1 ||     1
         Sling             |       |       |     1 ||     1
   Fire: Sling             |       |       |    59 ||    59
   Cast: Magic Dart        |    73 |    91 |   100 ||   264
         Searing Ray       |       |     3 |     7 ||    10
         Iskenderun's Myst |       |       |     5 ||     5
    Use: Scroll            |       |       |     9 ||     9
         Potion            |       |       |     4 ||     4
 Armour: Robe              |     6 |    26 |    81 ||   113
  Dodge: Dodged            |     2 |    35 |    83 ||   120

Table legend: (Time is in decaauts)
 A = Elapsed time spent in this place.
 B = Non-inter-level travel time spent in this place.
 C = Inter-level travel time spent in this place.
 D = Time resting spent in this place.
 E = Time spent auto-exploring this place.
 F = Levels seen in this place.
 G = Mean time per level.
                   A        B        C        D        E       F      G
               +--------+--------+--------+--------+--------+-----+--------+
         Total |   5338 |   5246 |     92 |      0 |   3674 |   6 |  889.7 |
       Dungeon |   4900 |   4808 |     92 |      0 |   3376 |   5 |  980.0 |
         Sewer |    437 |    437 |      0 |      0 |    298 |   1 |  437.0 |
               +--------+--------+--------+--------+--------+-----+--------+

Top non-repeatable levels by time:
     D:2: 1211 daAuts
     D:1: 1007 daAuts
     D:5: 950 daAuts
     D:3: 911 daAuts
     D:4: 820 daAuts
   Sewer: 437 daAuts
